AoeStats
← drug god

Arabia

510657892Analyzed
1v1 RM · 15h ago on Oct 2, 2026· 53m 24s· 2 players
Game mode
Random Map
Map size
Tiny (2 player)
Population
200
Speed
Normal
Resources
Standard
Victory
Conquest
Starting age
Dark Age
Ending age
Imperial Age
RankedLock teamsTeams togetherTeam positionsShared explorationLock speedFull tech treeHidden civsTurbo modeCheats
Victory
Defeat
🇨🇳 Ethiopians · China
1098
+17
🇨🇱 Mongols · Chile
1112
-17
drug god
3:20 Loom
9:38 Feudal Age
14:36 Fletching
16:40 Padded Archer Armor
24:25 Castle Age
22:54 Double-Bit Axe
23:03 Gold Mining
24:44 Crossbowman
25:22 Bodkin Arrow
26:37 Ballistics
28:29 Leather Archer Armor
30:41 Stone Mining
42:37 Imperial Age
43:29 Gold Shaft Mining
43:20 Bow Saw
43:21 Arbalester
45:12 Bracer
47:25 Ring Archer Armor
48:47 Chemistry
fdsalamanca
6:43 Loom
8:38 Feudal Age
9:19 Double-Bit Axe
12:03 Horse Collar
17:38 Wheelbarrow
20:24 Castle Age
20:27 Padded Archer Armor
21:42 Leather Archer Armor
21:50 Fletching
24:02 Gold Mining
24:31 Bow Saw
26:36 Bodkin Arrow
26:33 Elite Skirmisher
27:36 Husbandry
28:10 Heavy Plow
30:11 Bloodlines
31:52 Thumb Ring
40:33 Ballistics
41:05 Hand Cart
40:36 Town Watch
42:28 Gold Shaft Mining
41:44 Stone Mining
45:38 Imperial Age
43:08 Town Patrol
44:38 Light Cavalry
46:19 Town Patrol
46:57 Parthian Tactics
47:49 Chemistry
46:15 Hussar
Connection lost

Rejoining the realm…

Still unreachable

The connection could not be restored.

Session expired

The server has moved on; the page needs a fresh start.